Match 42179793
Unlisted

Match 42179793
End
Kettenkrad Recon Vehicle
Construct Infanterie Kompanie
Grenadier Squad
Grenadier Squad
Grenadier Squad
Infanterie Officer Quarters
Construct Panzergrenadier Kompanie
Panzergrenadier Squad
Pak 40 Anti-tank Gun Team
Support Elements
Construct Panzer Kompanie
Stoßtruppen Squad
Panzer Officer Quarters
Side Skirts
Panzer IV Medium Tank
Medical Bunker
Selects Terror Battlegroup
Selects Heavy Gunnery
Selects Defend the Fatherland
Selects King Tiger Heavy Tank
King Tiger Heavy Tank
MG 42 Bunker
Selects Contempt for the Weak
Selects Propaganda Leaflet Drop
Panzer IV Medium Tank
MG 42 Bunker
Construct Luftwaffe Kompanie
Flak 30 Anti-aircraft Gun Team
Selects V1 Rocket Strike
Pioneer Squad
V1 Rocket Strike
V1 Rocket Strike
Grand.G
Civil
0
0

Comments sign in to comment!

No comments posted yet!